 Dungeon Crawl Stone Soup version 0.30.1 (webtiles) character file.

Game seed: 243668856900839160

94 LynnLen the Sneak (level 4, -1/21 HPs)
             Began as a Spriggan Enchanter on July 10, 2023.
             Succumbed to a kobold brigand's poison
             ... in a sewer.
             The game lasted 00:05:50 (1682 turns).

LynnLen the Sneak (Spriggan Enchanter)              Turns: 1682, Time: 00:05:51

Health: -1/21      AC:  2    Str:  4    XL:     4   Next: 38%
Magic:  0/9        EV: 17    Int: 18    God:
Gold:   119        SH:  0    Dex: 15    Spells: 3/8 levels left

rFire   . . .        a - +1 dagger
rCold   . . .        (no shield)
rNeg    . . .        b - +0 robe
rPois   .            (helmet restricted)
rElec   .            (no cloak)
rCorr   .            (gloves unavailable)
SInv    +            (boots unavailable)
Will    .....        (no amulet)
Stlth   ++           (no ring)
HPRegen 0.23/turn    (no ring)
MPRegen 0.11/turn

%: no passive effects
@: lethally poisoned (-1 -> -15), very slightly contaminated, invisible, slow
A: very small, no large weapons, unfitting armour, see invisible, speed 3
a: no special abilities


You were in a sewer.
You visited 1 branch of the dungeon, and saw 3 of its levels.
You also visited: Sewer.

You collected 141 gold pieces.
You spent 22 gold pieces at shops.

Inventory:

Hand Weapons
 a - a +1 dagger (weapon)
Missiles
 i - 6 poisoned darts (quivered)
Armour
 b - a +0 robe (worn)
Jewellery
 k - a ring of wizardry
Scrolls
 d - a scroll of fear
 e - a scroll of silence {unknown}
 m - 4 scrolls of teleportation
Potions
 f - 2 potions of degeneration {unknown}
 g - 2 potions of brilliance {unknown}
 l - a potion of lignification {unknown}
 n - a potion of ambrosia {unknown}


   Skills:
 + Level 2.4 Short Blades
 - Level 2.6 Dodging
 * Level 6.5 Stealth
 - Level 2.6 Spellcasting
 + Level 4.4 Hexes


You had 3 spell levels left.
You knew the following spells:

 Your Spells              Type           Power      Damage    Failure   Level
a - Ensorcelled Hibernat  Hex/Ice        20%        N/A       11%         2
b - Confusing Touch       Hex            18%        N/A       9%          3

Your spell library contained the following spells:

 Spells                   Type           Power      Damage    Failure   Level
 Tukima's Dance           Hex            18%        N/A       9%          3
 Dazzling Flash           Conj/Hex       20%        N/A       21%         3
 Blade Hands              Tmut           1%         N/A       99%         5
 Irradiate                Conj/Tmut      1%         3d12      99%         5
 Dragon Form              Tmut           1%         N/A       100%        7


Dungeon Overview and Level Annotations

Branches:
Dungeon (3/15)              Sewer (1/1)

Altars:

Shops:
D:2 *


Innate Abilities, Weirdness & Mutations

You are very small and have problems with some larger weapons.
You are too small for most types of armour.
You have supernaturally acute eyesight. (SInv)
You cover ground extremely quickly. (Speed+++)


Message History

Aim: a kobold brigand, wielding a +0 club and quivering poisoned darts (chance to affect: 44%)
You miscast Ensorcelled Hibernation.
You are very lightly contaminated with residual magic.
Nothing appears to happen.
The kobold brigand misses you.
Casting: Ensorcelled Hibernation (safe; 11% risk of failure)
Confirm with . or Enter, or press ? or * to list all spells.
You don't have enough magic to cast this spell.
Unknown command.
The kobold brigand throws a poisoned dart.
The poisoned dart closely misses you.
The kobold brigand throws a poisoned dart.
The poisoned dart hits you!
You are poisoned.
You feel very sick.
You feel sick.
You feel sick.
You feel sick.
The kobold brigand throws a poisoned dart.
The poisoned dart hits you!
You are lethally poisoned!
Casting: Ensorcelled Hibernation (safe; 11% risk of failure)
Confirm with . or Enter, or press ? or * to list all spells.
Aiming: Ensorcelled Hibernation (safe; 11% risk of failure)
Press: ? - help, Shift-Dir - straight line, f/p - kobold brigand
Aim: a kobold brigand, wielding a +0 club and quivering poisoned darts (chance to affect: 44%)
You miscast Ensorcelled Hibernation.
Nothing appears to happen.
* * * LOW HITPOINT WARNING * * *
You feel very sick.
The kobold brigand throws a poisoned dart.
The poisoned dart closely misses you.
You fade into invisibility!
* * * LOW HITPOINT WARNING * * *
You feel very sick.
The kobold brigand throws a poisoned dart.
The poisoned dart hits you!
You are more poisoned.
You enter the shallow water.
Moving in this stuff is going to be slow. ...and don't expect to remain undetected.
You die... ################################ #.†....∩∩......@~~KKKK~~~~~~~~~~ ################################

You could see a kobold brigand and 3 kobolds.

Vanquished Creatures
  An orc wizard (D:3)
  A gnoll (D:1)
  2 river rats
  A worm (D:3)
  2 dart slugs
  2 orcs (D:3)
  6 ball pythons
  2 endoplasms (D:1)
  6 hobgoblins
  A bat (D:1)
  3 goblins
  9 rats
36 creatures vanquished.

Notes
Turn   | Place    | Note
-------+----------+-------------------------------------------
     0 | D:1      | LynnLen the Spriggan Enchanter began the quest for the Orb.
     0 | D:1      | Reached XP level 1. HP: 9/9 MP: 5/5
   315 | D:1      | Reached skill level 5 in Stealth
   315 | D:1      | Reached XP level 2. HP: 13/13 MP: 6/6
   318 | D:1      | Learned a level 2 spell: Ensorcelled Hibernation
   810 | D:1      | Reached XP level 3. HP: 13/16 MP: 8/8
   814 | D:1      | Learned a level 3 spell: Confusing Touch
  1103 | D:2      | Found Laonitt's General Store.
  1109 | D:2      | Bought a scroll of identify for 22 gold pieces
  1116 | D:2      | Found a faded altar of an unknown god.
  1377 | D:2      | You fall into a shaft and drop 1 floor!
  1494 | D:3      | Reached skill level 6 in Stealth
  1494 | D:3      | Reached XP level 4. HP: 14/21 MP: 2/9
  1496 | D:3      | Found a glowing drain.
  1514 | Sewer    | Entered a sewer
  1623 | Sewer    | Noticed a kobold brigand
  1681 | Sewer    | HP: 1/21 [poisoned by a kobold brigand]
  1682 | Sewer    | Succumbed to a kobold brigand's poison

Illustrated notes

Levels and vault maps discovered:
D:1:      minmay_arrival_hallway, layout_loops_ring, minmay_misc_feat_hallway
D:2:      layout_loops_ring, serial_shops, shop, basic_ecumenical_altar
D:3:      layout_basic, cheibrodos_sewer_entry_sluice, roderic_lattice_a,
          minmay_shallow_snake_nest
Sewer:    sewer_kobolds

Skill      XL: |  1  2  3 |
---------------+----------+-----
Stealth        | 5 6 |  6.5
Hexes          | 4 |  4.4
Short Blades   | 2 |  2.4
Dodging        | |  2.6
Spellcasting   | |  2.6

Action                     |  1- 3 |  4- 6 || total
---------------------------+-------+-------++-------
  Melee: Dagger            |   100 |     6 ||   106
         Punch             |     1 |       ||     1
   Cast: Ensorcelled Hiber |     5 |     4 ||     9
    Use: Scroll            |     4 |       ||     4
         Potion            |     3 |     2 ||     5
   Stab: Sleeping          |    12 |     6 ||    18
         Invisible         |     1 |       ||     1
 Armour: Robe              |     5 |       ||     5
  Dodge: Dodged            |    55 |     4 ||    59
